 Dungeon Crawl Stone Soup version 0.29.1-12-g30fa7ad0bf (webtiles) character file.

Game seed: 13591488418362829029

908 Gabide the Trooper (level 8, -1/67 HPs)
             Began as a Formicid Berserker on Dec 19, 2022.
             Was a Believer of Trog.
             Slain by an orc warrior
             ... wielding a +0 war axe
              (21 damage)
             ... on level 6 of the Dungeon.
             The game lasted 00:03:52 (4836 turns).

Gabide the Trooper (Formicid Berserker)             Turns: 4836, Time: 00:03:53

Health: -1/67      AC:  6    Str: 25    XL:     8   Next: 29%
Magic:  8/8        EV: 12    Int:  6    God:    Trog [**....]
Gold:   360        SH:  0    Dex: 19    Spells: 7/7 levels left

rFire   . . .      SeeInvis +   b - +7 great sword (freeze)
rCold   . . .      Faith    .   (no shield)
rNeg    . . .      Spirit   .   e - +0 scale mail
rPois   .          Reflect  .   (helmet unavailable)
rElec   .          Harm     .   (no cloak)
rCorr   .          Rampage  .   (no gloves)
Will    .....                   (no boots)
Stlth   ..........              (no amulet)
HPRegen 0.21/turn               y - +6 ring of dexterity
MPRegen 0.11/turn               (no ring)

@: no status effects
A: permanent stasis, dig shafts and tunnels, antennae 3, four strong arms
a: Dig, Shaft Self, Renounce Religion, Trog's Hand


You were on level 6 of the Dungeon.
You worshipped Trog.
Trog was pleased with you.
You visited 1 branch of the dungeon, and saw 6 of its levels.

You collected 360 gold pieces.

Inventory:

Hand Weapons
 a - a +0 morningstar
 b - a +7 great sword of freezing (weapon)
Missiles
 g - 3 javelins (quivered)
Armour
 e - a +0 scale mail (worn)
Jewellery
 l - a ring of fire
 y - a +6 ring of dexterity (left hand)
 A - a ring of ice
 B - a ring of ice
Wands
 v - a wand of flame (27)
 z - a wand of quicksilver (8)
Scrolls
 c - a scroll of poison {unknown}
 f - a scroll of fear {unknown}
 h - a scroll of amnesia {unknown}
 j - a scroll of vulnerability
 m - 2 scrolls of teleportation {unknown}
 q - a scroll of identify {unknown}
Potions
 d - 3 potions of haste {unknown}
 i - 3 potions of curing {unknown}
 k - a potion of heal wounds {unknown}
 n - 2 potions of flight {unknown}
 o - a potion of lignification {unknown}
 p - a potion of attraction {unknown}
 r - a potion of brilliance {unknown}
 s - 2 potions of magic {unknown}
 t - a potion of might {unknown}
 u - a potion of degeneration {unknown}
 w - a potion of resistance {unknown}
 x - 2 potions of berserk rage {unknown}


   Skills:
 * Level 7.0 Fighting
 * Level 6.4 Maces & Flails
 - Level 2.1 Armour
 + Level 4.0 Dodging


You had 7 spell levels left.
You didn't know any spells.
Your spell library was empty.

Dungeon Overview and Level Annotations

Branches:
Dungeon (6/15)
 Temple: D:4-7

Altars:
Gozag
Kikubaaqudgha
Uskayaw
Wu Jian


Innate Abilities, Weirdness & Mutations

You cannot be hasted, slowed, berserked, paralysed or teleported.
You can dig through walls and to a lower floor.
You have a pair of large antennae on your head. (SInv)
Your four strong arms can wield two-handed weapons with a shield.


Message History

The adder barely misses you.
You hit the adder.
The adder seems to slow down.
You freeze the adder.
The adder is severely wounded.
The adder is no longer moving slowly.
The adder bites you but does no damage.
You slash the adder! You freeze the adder.
You kill the adder!
Trog accepts your kill.
No target in view!
You open the large door.
An orc warrior comes into view. It is wielding a +0 war axe.
The orc warrior shouts!
Found a yellow potion and 14 gold pieces.
An orc warrior is nearby!
An orc warrior is nearby!
There is a large open door here.
You slash the orc warrior! You freeze the orc warrior.
The orc warrior is heavily wounded.
The orc warrior closely misses you.
The orc warrior hits you with a +0 war axe!
You closely miss the orc warrior.
The orc warrior is moderately wounded.
The orc warrior barely misses you.
The orc warrior hits you with a +0 war axe!
You closely miss the orc warrior.
The orc warrior is moderately wounded.
The orc warrior barely misses you.
You slash the orc warrior! You freeze the orc warrior.
The orc warrior is almost dead.
The orc warrior barely misses you.
The orc warrior hits you with a +0 war axe!
You closely miss the orc warrior.
The orc warrior is almost dead.
The orc warrior hits you with a +0 war axe!
* * * LOW HITPOINT WARNING * * *
The orc warrior closely misses you.
You closely miss the orc warrior.
The orc warrior is almost dead.
The orc warrior closely misses you.
The orc warrior hits you with a +0 war axe!!
You die...

#...# #..##
#..# #..##
#...# ##..#
#..# #
##.#♣##..##♣
#.'@o..!...
#.'...$$...
#..#♣##..##♣
....# .#
###### ♣


You could see an orc warrior.

Vanquished Creatures
  Eustachio (D:4)
  A phantom (D:5)
  A scorpion (D:5)
  3 wights (D:5)
  2 jellies (D:5)
  2 orc priests (D:3)
  A gnoll bouda (D:4)
  A hound (D:5)
  An iguana (D:5)
  14 gnolls
  7 adders
  A worm (D:3)
  4 dart slugs
  6 orcs
  3 bats
  5 endoplasms
  A giant cockroach (D:4)
  6 goblins
  6 hobgoblins
  4 jackals
  10 kobolds
  3 quokkas
  5 ball pythons
  3 frilled lizards
  10 rats
101 creatures vanquished.

Notes
Turn   | Place    | Note
-------+----------+-------------------------------------------
     0 | D:1      | Gabide the Formicid Berserker began the quest for the Orb.
     0 | D:1      | Reached XP level 1. HP: 18/18 MP: 1/1
   132 | D:1      | Reached XP level 2. HP: 24/24 MP: 2/2
   309 | D:1      | Reached XP level 3. HP: 29/30 MP: 3/3
   926 | D:2      | Reached ** piety under Trog
   930 | D:2      | Reached skill level 4 in Fighting
  1198 | D:2      | Reached XP level 4. HP: 37/37 MP: 4/4
  1238 | D:2      | Found a faded altar of an unknown god.
  1885 | D:3      | Found an opulent altar of Gozag.
  1896 | D:3      | Reached XP level 5. HP: 25/43 MP: 5/5
  2745 | D:4      | Noticed a +0 dagger
  2745 | D:4      | Noticed a +0 hand axe
  2767 | D:4      | Noticed Eustachio
  2781 | D:4      | Killed Eustachio
  2782 | D:4      | Reached skill level 5 in Fighting
  2782 | D:4      | Reached skill level 5 in Maces & Flails
  2782 | D:4      | Reached XP level 6. HP: 26/51 MP: 6/6
  2893 | D:4      | Found a hide-covered altar of Uskayaw.
  2924 | D:4      | Reached XP level 7. HP: 17/56 MP: 7/7
  4096 | D:5      | Entered Level 5 of the Dungeon
  4101 | D:5      | Reached skill level 6 in Fighting
  4326 | D:5      | Found an ancient bone altar of Kikubaaqudgha.
  4349 | D:5      | Reached XP level 8. HP: 65/65 MP: 8/8
  4516 | D:5      | Reached skill level 7 in Fighting
  4582 | D:5      | Found an ornate altar of the Wu Jian Council.
  4836 | D:6      | Slain by an orc warrior

Illustrated notes

Levels and vault maps discovered:
D:1:      ncdulo_watergridlock, layout_basic, minmay_distorted
D:2:      minmay_evil_eye, layout_rooms, shapermc_ecumenical_altar_totnotflames
D:3:      layout_loops_corners, mainiacjoe_overflow_surrounded_room
D:4:      layout_basic, dancing_weapons_uskayaw, uniq_eustachio
D:5:      layout_loops_ring, nzn_wu_jian_council_hall, kiku_gazebo_garden_becter
D:6:      layout_layer_cave, grunt_dithmenos_shadows, minmay_misc_feat_rows,
          chequers_serial_rivers_small_3, kennysheep_generic_room_5,
          uniq_grinder

Skill      XL: |  1  2  3  4  5  6  7  8 |
---------------+-------------------------+-----
Dodging        | 2 3 4 |  4.0
Fighting       | 4 5 6 7 |  7.0
Maces & Flails | 4 5 6 |  6.4
Armour         | |  2.1

Action                   |  1- 3 |  4- 6 |  7- 9 || total
-------------------------+-------+-------+-------++-------
Melee: Mace              |    23 |       |       ||    23
       Morningstar       |    65 |   113 |    60 ||   238
       Punch             |       |     2 |     1 ||     3
       Great sword       |       |       |    22 ||    22
Throw: Javelin           |       |     5 |     3 ||     8
Invok: Trog's Hand       |       |     2 |     1 ||     3
  Use: Scroll            |       |       |     1 ||     1
Armor: Animal skin       |     4 |       |       ||     4
       Scale mail        |    49 |    45 |    27 ||   121
Dodge: Dodged            |    69 |    72 |    52 ||   193
